 Dungeon Crawl Stone Soup version 0.29-a0-563-g64e4043 (webtiles) character file.

Game seed: 8778972256845968184

53 Dawnplanks the Skirmisher (level 3, 31/31 HPs)
             Began as a Palentonga Fighter on June 11, 2022.
             Was an Initiate of the Shining One.
             Quit the game on level 2 of the Dungeon.
             The game lasted 00:03:06 (1368 turns).

Dawnplanks the Skirmisher (Palentonga Fighter)      Turns: 1368, Time: 00:03:06

Health: 31/31      AC:  6    Str: 21    XL:     3   Next: 64%
Magic:  3/3        EV:  7    Int:  8    God:    the Shining One [......]
Gold:   139        SH:  4    Dex:  9    Spells: 2/2 levels left

rFire   . . .      SeeInvis +   a - +0 war axe
rCold   . . .      Faith    .   c - +0 buckler
rNeg    + . .      Spirit   .   b - +0 scale mail
rPois   .          Reflect  .   (no helmet)
rElec   .          Harm     .   (no cloak)
rCorr   .          Rampage  .   (no gloves)
Will    .....                   (no barding)
Stlth   ..........              (no amulet)
HPRegen 0.10/turn               m - ring of positive energy
MPRegen 0.08/turn               (no ring)

@: glowing
A: large, rugged brown scales 3, see invisible, deformed body, roll 1, armoured
tail
a: Rolling Charge, Renounce Religion


You were on level 2 of the Dungeon.
You worshipped the Shining One.
The Shining One was noncommittal.
You visited 1 branch of the dungeon, and saw 2 of its levels.

You collected 139 gold pieces.

Inventory:

Hand Weapons
 a - a +0 war axe (weapon)
Armour
 b - a +0 scale mail (worn)
 c - a +0 buckler (worn)
 g - a +0 kite shield
Jewellery
 j - a ring of fire
 m - a ring of positive energy (left hand)
Scrolls
 f - 2 scrolls of vulnerability {unknown}
 h - a scroll of fog {unknown}
 l - a scroll of identify {unknown}
 n - 3 scrolls of teleportation {unknown}
 p - a scroll of amnesia {unknown}
 r - a scroll of enchant armour {unknown}
Potions
 d - a potion of might
 e - a potion of attraction {unknown}
 i - a potion of berserk rage {unknown}
 k - 2 potions of flight {unknown}
 o - a potion of lignification {unknown}
 q - a potion of experience {unknown}


   Skills:
 + Level 3.5 Fighting
 + Level 2.6 Axes
 + Level 2.9 Armour
 + Level 3.0 Shields


You had 2 spell levels left.
You didn't know any spells.
Your spell library contained the following spells:

 Spells                   Type           Power      Damage    Failure   Level
 Gell's Gravitas          Tloc           0%         N/A       99%         3
 Lesser Beckoning         Tloc           0%         N/A       99%         3
 Teleport Other           Tloc           0%         N/A       99%         3


Dungeon Overview and Level Annotations

Branches:
Dungeon (2/15)

Altars:
Yredelemnul
The Shining One

Shops:
D:2 [


Innate Abilities, Weirdness & Mutations

You are completely covered in rugged brown scales. (AC +3, +7% HP)
You have supernaturally acute eyesight. (SInv)
Armour fits poorly on your strangely shaped body.
You can roll at nearby foes to attack.
You have a long armoured tail.


Message History

Your bat zombie barely misses the adder.
There is a glowing golden altar of the Shining One here.
You kneel at the altar of the Shining One.
You have lost your religion!
Yredelemnul does not appreciate desertion!
Yredelemnul reclaims your reaped souls! The Shining One welcomes you!
You miss the adder.
The adder is lightly wounded.
The adder bites you.
You are poisoned.
The adder poisons you!
You closely miss the adder.
The adder is lightly wounded.
You feel sick. The adder completely misses you. You block the adder's attack.
You hit the adder.
The adder is severely wounded.
You feel sick. The adder bites you.
You are more poisoned.
The adder poisons you! The adder bites you but does no damage.
You miss the adder.
The adder is severely wounded.
You feel very sick. The adder bites you. The adder barely misses you.
You hit the adder but do no damage.
The adder is severely wounded.
You feel sick. You block the adder's attack.
The adder bites you but does no damage.
You slash the adder!
You kill the adder!
You feel sick.
You are too injured to fight recklessly!
You are too injured to fight recklessly!
You feel sick.
You feel sick.
You feel sick.
You are no longer poisoned.
r - a scroll labelled CITOGE YDDOMU Unknown command.
Are you sure you want to abandon this character and quit the game? (Confirm with "yes".)

.##########.#######...##########.
.# #.# #...# #. ... . #Z# #####
#. ......#####.# #. ###........Z#
#. .........# #. ........Z#######
#. #+##.....#.....# #.
#.....#...@.# #. ###
##+##+..†_..# #< ..
.............# #. #
.............# ## #
.........##### # ##.......#
#.......# ## #.......# .##
.....>..#


There were no monsters in sight!

Vanquished Creatures
  2 adders (D:2)
  A dart slug (D:1)
  7 bats
  2 endoplasms (D:2)
  A hobgoblin (D:2)
  A kobold (D:2)
  5 ball pythons
  2 frilled lizards (D:1)
  3 goblins
  2 rats (D:1)
26 creatures vanquished.

Vanquished Creatures (collateral kills)
  A goblin (D:1)
  A quokka (D:1)
  2 ball pythons (D:1)
  A bat (D:1)
  2 frilled lizards
  A rat (D:1)
8 creatures vanquished.

Grand Total: 34 creatures vanquished

Notes
Turn   | Place    | Note
-------+----------+-------------------------------------------
     0 | D:1      | Dawnplanks the Palentonga Fighter began the quest for the
                  | Orb.
     0 | D:1      | Reached XP level 1. HP: 19/19 MP: 1/1
   194 | D:1      | Reached XP level 2. HP: 25/25 MP: 2/2
   213 | D:1      | Found a faded altar of an unknown god.
   238 | D:1      | Prayed at the altar of an unknown god.
   238 | D:1      | Became a worshipper of Yredelemnul the Dark
   238 | D:1      | Reached * piety under Yredelemnul
   893 | D:2      | Reached XP level 3. HP: 31/31 MP: 3/3
  1073 | D:2      | Found Heaxzowuwk's Armour Shoppe.
  1167 | D:2      | Found a glowing golden altar of the Shining One.
  1172 | D:2      | Fell from the grace of Yredelemnul
  1172 | D:2      | Became a worshipper of the Shining One
  1368 | D:2      | Quit the game

Illustrated notes

Levels and vault maps discovered:
D:1:      dpeg_arrival_tiny_e, layout_basic,
          hellmonk_ecumenical_altar_heavens_door,
          hangedman_abyss_or_decor_lesser_grid
D:2:      minmay_inner_zag, layout_basic, serial_shops, shop_fountains,
          basic_altar

Skill      XL: |  1  2  3 |
---------------+----------+-----
Shields        | 3 |  3.0
Fighting       | |  3.5
Axes           | |  2.6
Armour         | |  2.9

Action                   || total
-------------------------++-------
Melee: War axe           ||    69
       Tailslap          ||     5
Armor: Scale mail        ||    43
Dodge: Dodged            ||    28
Block: Buckler           ||    15

Table legend: (Time is in decaauts)
 A = Elapsed time spent in this place.
 B = Non-inter-level travel time spent in this place.
 C = Inter-level travel time spent in this place.
 D = Time resting spent in this place.
 E = Time spent auto-exploring this place.
 F = Levels seen in this place.
 G = Mean time per level.
                   A        B        C        D        E       F      G
               +--------+--------+--------+--------+--------+-----+--------+
         Total |   1395 |   1379 |     16 |      0 |   1146 |   2 |  697.5 |
       Dungeon |   1395 |   1379 |     16 |      0 |   1146 |   2 |  697.5 |
               +--------+--------+--------+--------+--------+-----+--------+

Top non-repeatable levels by time:
     D:2: 701 daAuts
     D:1: 694 daAuts
